cohdb
Replays
Latest Replays
All Replays
Popular Replays
Top Player Replays
Match Explorer
How It Works
Community
CoH3 Stats
Reddit
Sign in to upload your games and track your stats! →
Sign in with Steam
Match 43965939
Unlisted
Match 43965939
Overview
Messages
Build Orders
End
Construct Barracks
Selects Heavy Weapons
Riflemen Squad
Riflemen Squad
M1 Mortar Team
Construct Medical Station
Infantry Support Center
Grenade Package
Riflemen Squad
M1918 Browning Automatic Rifles
Construct Motor Pool
Riflemen Squad
Construct Weapon Support Center
M3 Armored Personnel Carrier
Selects Assault Carriers
Selects Exchangeable Parts
Advanced Logistics
M3 Assault Carrier
Engineer Squad
Captain Retinue
Survival Training
Riflemen Squad
Riflemen Squad
Engineer Squad
T1 Faker
Kida
okinawa
LUL
bigcheese
Holyluya
DonkeyKing
nop.8
0
0
Comments
sign in to comment!
No comments posted yet!